AoeStats
← Dragon

Fortress

509521316Analyzed
3v3 RM · 4d ago on Sep 27, 2026· 43m 0s· 6 players
Game mode
Random Map
Map size
Large (8 player)
Population
200
Speed
Normal
Resources
Standard
Victory
Conquest
Starting age
Dark Age
Ending age
Imperial Age
RankedLock teamsTeams togetherTeam positionsShared explorationLock speedFull tech treeHidden civsTurbo modeCheats
Victory
Defeat
🇩🇪 Slavs · Germany
1327
+15
🇩🇪 Teutons · Germany
1320
+15
🇩🇪 Portuguese · Germany
1306
+16
🇳🇿 Varangians · New Zealand
1310
-16
🇺🇸 Magyars · United States
1310
-16
🇺🇸 Khmer · United States
1278
-14
Tin
0:41 Loom
7:47 Feudal Age
9:48 Wheelbarrow
12:00 Castle Age
10:09 Double-Bit Axe
10:21 Horse Collar
13:24 Hand Cart
13:22 Bow Saw
18:53 Heavy Plow
25:32 Imperial Age
23:57 Gold Mining
24:25 Fletching
24:03 Crossbowman
25:24 Bodkin Arrow
25:47 Town Watch
27:52 Ballistics
27:44 Bracer
27:51 Scale Barding Armor
27:48 Arbalester
28:57 Husbandry
29:07 Bloodlines
30:24 Chain Barding Armor
30:21 Forging
32:22 Plate Barding Armor
32:52 Padded Archer Armor
34:13 Chemistry
thewirepaladin
8:00 Feudal Age
11:53 Castle Age
10:04 Double-Bit Axe
10:06 Horse Collar
10:58 Loom
13:28 Bow Saw
15:24 Town Watch
19:11 Wheelbarrow
21:12 Bloodlines
21:43 Scale Barding Armor
22:28 Hand Cart
24:36 Gold Mining
28:52 Imperial Age
27:07 Chain Barding Armor
28:37 Husbandry
30:16 Plate Barding Armor
29:32 Fletching
30:05 Conscription
29:52 Corvinian Army
30:22 Elite Magyar Huszar
30:46 Capped Ram
31:40 Thumb Ring
32:39 Bodkin Arrow
33:30 Town Patrol
34:50 Parthian Tactics
35:19 Bracer
39:56 Heavy Cavalry Archer
42:36 Chemistry
41:51 Padded Archer Armor
squeegee
8:03 Feudal Age
11:40 Castle Age
9:41 Double-Bit Axe
9:46 Horse Collar
14:55 Wheelbarrow
15:55 Loom
17:24 Bow Saw
18:31 Heavy Plow
20:36 Hand Cart
25:01 Imperial Age
22:38 Squires
22:25 Arson
23:45 Scale Mail Armor
23:55 Forging
25:03 Gold Mining
25:04 Gothikon
26:07 Conscription
26:08 Chain Mail Armor
26:29 Iron Casting
26:16 Elite Varangian Guard
28:33 Plate Mail Armor
28:49 Crop Rotation
30:35 Two-Man Saw
29:32 Gambesons
31:01 Blast Furnace
29:57 Pikeman
30:40 Fletching
30:59 Halberdier
41:09 Murder Holes
41:32 Bodkin Arrow
43:22 Bracer
Dragon
7:24 Feudal Age
12:10 Castle Age
13:37 Loom
14:49 Double-Bit Axe
16:49 Wheelbarrow
16:59 Gold Mining
23:22 Imperial Age
21:27 Arson
22:39 Stone Mining
23:29 Scale Mail Armor
23:36 Squires
25:56 Conscription
25:58 Ironclad
27:00 Chemistry
25:50 Horse Collar
26:55 Chain Mail Armor
26:50 Forging
29:32 Plate Mail Armor
29:38 Iron Casting
29:53 Elite Teutonic Knight
30:37 Fletching
31:16 Caravan
32:08 Siege Engineers
siggi-lok
7:25 Feudal Age
11:17 Castle Age
11:31 Double-Bit Axe
11:30 Horse Collar
18:22 Imperial Age
20:03 Chemistry
22:59 Scale Mail Armor
23:10 Forging
25:30 Fortified Wall
25:55 Pikeman
26:58 Arquebus
28:35 Chain Mail Armor
30:45 Plate Mail Armor
30:51 Iron Casting
30:06 Halberdier
32:04 Loom
32:54 Wheelbarrow
32:05 Town Watch
34:42 Blast Furnace
34:53 Conscription
35:37 Siege Engineers
37:29 Hand Cart
37:07 Gold Mining
37:08 Stone Mining
37:21 Heavy Plow
37:33 Bow Saw
40:55 Padded Archer Armor
40:46 Fletching
41:36 Elite Organ Gun
43:34 Bodkin Arrow
Who am I
8:00 Feudal Age
9:22 Loom
11:42 Castle Age
9:48 Double-Bit Axe
10:02 Horse Collar
12:05 Wheelbarrow
15:05 Hand Cart
19:48 Stone Mining
19:50 Gold Mining
20:41 Bow Saw
20:33 Heavy Plow
22:43 Detinets
25:28 Imperial Age
24:07 Scale Barding Armor
24:12 Forging
24:16 Bloodlines
24:06 Husbandry
26:34 Gold Shaft Mining
26:22 Chain Barding Armor
26:37 Iron Casting
26:55 Conscription
27:33 Elite Boyar
29:31 Caravan
32:29 Plate Barding Armor
32:54 Blast Furnace
32:16 Fletching
38:31 Bodkin Arrow
38:51 Fortified Wall
38:47 Siege Engineers
39:02 Ballistics
39:43 Chemistry
38:54 Masonry
39:51 Two-Man Saw
39:24 Crop Rotation
Connection lost

Rejoining the realm…

Still unreachable

The connection could not be restored.

Session expired

The server has moved on; the page needs a fresh start.